 Dungeon Crawl Stone Soup version 0.27-a0-1272-g7c8ad2e407 (webtiles) character file.

Game seed: 13059827156080550586

917 27snakeeyes612 the Chopper (level 8, 0/42 HPs)
             Began as a Vine Stalker Fighter on June 11, 2021.
             Was a Follower of Makhleb.
             Slain by a gnoll sergeant
             ... wielding a +0 spear of flaming
              (3 damage)
             ... on level 6 of the Dungeon.
             The game lasted 00:03:20 (4399 turns).

27snakeeyes612 the Chopper (Vine Stalker Fighter)   Turns: 4399, Time: 00:03:21

Health: 0/42       AC: 11    Str: 21    XL:     8   Next: 9%
Magic:  0/9        EV:  6    Int:  8    God:    Makhleb [*.....]
Gold:   325        SH: 10    Dex: 14    Spells: 7/7 levels left

rFire    . . .     SeeInvis .   a - +0 war axe
rCold    . . .     Faith    .   c - +0 kite shield
rNeg     . . .     Spirit   +   j - +0 chain mail
rPois    .         Reflect  .   s - +0 helmet
rElec    .         Harm     .   h - +0 cloak
rCorr    .         Rampage  .   (no gloves)
Will     +....                  (no boots)
Stlth    ..........             (no amulet)
HPRegen  1.14/turn              g - ring of flight
MPRegen  0.11/turn              (no ring)

@: flying
A: fangs 3, regeneration 1, magic shield, antimagic bite, no potion heal 2
a: Renounce Religion


You were on level 6 of the Dungeon.
You worshipped Makhleb.
Makhleb was aware of your devotion.
You visited 1 branch of the dungeon, and saw 6 of its levels.

You collected 325 gold pieces.

Inventory:

Hand Weapons
 a - a +0 war axe (weapon)
 m - a +2 rapier of electrocution
Armour
 b - a +0 scale mail
 c - a +0 kite shield (worn)
 h - a +0 cloak (worn)
 j - a +0 chain mail (worn)
 s - a +0 helmet (worn)
Jewellery
 g - a ring of flight (left hand)
 r - a ring of wizardry
Scrolls
 e - a scroll of blinking {unknown}
 i - 2 scrolls of magic mapping
 k - a scroll of enchant weapon {unknown}
 l - 2 scrolls of identify {unknown}
 n - 2 scrolls of teleportation {unknown}
 p - a scroll of acquirement {unknown}
 v - a scroll of fear {unknown}
Potions
 d - a potion of might
 f - a potion of lignification {unknown}
 o - a potion of degeneration {unknown}
 q - a potion of heal wounds {unknown}
 t - a potion of brilliance {unknown}
 u - a potion of mutation {unknown}


   Skills:
 * Level 3.9 Fighting
 + Level 5.8 Axes
 + Level 4.1 Armour
 + Level 1.4 Dodging
 + Level 0.9 Stealth
 + Level 4.0 Shields


You had 7 spell levels left.
You didn't know any spells.
Your spell library contained the following spells:

 Spells                   Type           Power      Damage    Failure   Level
 Magic Dart               Conj           0%         1d3       100%        1
 Blink                    Tloc           N/A        N/A       100%        2
 Call Imp                 Summ           0%         N/A       100%        2
 Slow                     Hex            0%         N/A       100%        2
 Conjure Flame            Conj/Fire      0%         6-21      100%        3
 Mephitic Cloud           Conj/Pois/Air  0%         N/A       100%        3


Dungeon Overview and Level Annotations

Branches:
Dungeon (6/15)
 Temple: D:4-7

Altars:
Dithmenos
Elyvilon
Makhleb
Okawaru
Xom

Shops:
D:3 *:   D:4 :


Innate Abilities, Weirdness & Mutations

You have razor-sharp teeth.
Your natural rate of healing is unusually fast.
When hurt, damage is shared between your health and your magic reserves.
Your bite disrupts and absorbs the magic of your enemies.
Potions cannot restore your health.


Message History

The gnoll sergeant burns you. The hound bites you but does no damage.
You hit the gnoll sergeant but do no damage.
You hit the hound. You block the gnoll sergeant's attack. The hound bites you.
The gnoll sergeant hits you with a +0 spear of flaming.
The gnoll sergeant burns you. The hound barely misses you.
You hit the gnoll sergeant but do no damage.
You bite the gnoll sergeant, but do no damage.
You hit the steam dragon but do no damage.
Your chain mail prevents you from hitting the hound.
You block the hound's attack. The steam dragon closely misses you.
You block the steam dragon's attack. The gnoll sergeant closely misses you.
The hound bites you but does no damage.
The steam dragon bites you but does no damage.
The steam dragon claws you but does no damage.
You hit the gnoll sergeant but do no damage.
You bite the gnoll sergeant, but do no damage.
You completely miss the hound. You slash the steam dragon!
The hound bites you but does no damage.
The gnoll sergeant hits you with a +0 spear of flaming.
The gnoll sergeant burns you. You block the steam dragon's attack. x2
The hound bites you. You block the gnoll sergeant's attack.
You closely miss the gnoll sergeant. Your bite misses the gnoll sergeant.
You hit the steam dragon. You hit the hound but do no damage.
The hound bites you but does no damage. The steam dragon breathes steam at you.
The ball of steam hits you. The hound bites you.
* * * LOW HITPOINT WARNING * * *
The gnoll sergeant hits you but does no damage.
An orc wizard comes into view. It is wielding a +0 dagger.
You block the steam dragon's attack.
The steam dragon claws you but does no damage.
You hear a shout!
As you read the scroll labelled ZUDAXKALIT, it crumbles to dust.
You feel aware of your surroundings.
It was a scroll of magic mapping.
You are engulfed in a cloud of scalding steam.
* * * LOW HITPOINT WARNING * * *
The hound bites you.
* * * LOW HITPOINT WARNING * * *
The gnoll sergeant hits you with a +0 spear of flaming.
You die...

**,,,,,,,,,,,#≈≈§..#,,,,*,,,≈≈**,
,,,,,,.,,,,,,#§.⌠..#*,,,,,≈≈≈***,
,,,,,,..,,,,**.....###≈≈≈≈****,,,
*,,,,,...,,****...##.####*******,
*,>,,,....,*####.##......,,,* *>,
*,,,,,#..o.##............,,,***,,
**,,**#.......<..........,,,,,*,,
**,,**#....$#..hD........,,,,,,,>
,,,***.....*#..g@........,,,,,,,,
,,,,*,....,,#)).§.#......,,,,,,,,
,,,,,*#..,,*#.#.§........,,,,,,,,
,,,,,,..,,,...#..#.......,,,,,,,,
,,,,,,.,,......§.##..##..,,,**,,,
,,,,,,,,,........#*#....#,,,,,,*,
,,,*,,,,,..=......,,.#..**,**,**,
,,,**,,,###.###....,,..#*,,*,,,**
*,,***,**,..,,*#.,,,,,,*,,,,,,,**


You could see a steam dragon (catching breath), a gnoll sergeant, a hound and an
orc wizard.

Vanquished Creatures
  A necrophage (D:4)
  A sky beast (D:5)
  A phantom (D:6)
  A scorpion (D:5)
  A jelly (D:4)
  A centaur skeleton (D:2)
  An orc priest (D:4)
  2 hounds
  2 bullfrog skeletons
  3 iguanas
  An orc wizard (D:4)
  A scorpion zombie (D:5)
  A howler monkey skeleton (D:5)
  11 adders
  5 gnolls
  An ufetubus (D:4)
  2 worms
  6 dart slugs
  7 orcs
  6 bats
  6 endoplasms
  4 giant cockroaches
  7 goblins
  9 hobgoblins
  8 jackals
  6 kobolds
  3 quokkas
  9 ball pythons
  3 frilled lizards
  6 rats
116 creatures vanquished.

Notes
Turn   | Place    | Note
-------+----------+-------------------------------------------
     0 | D:1      | 27snakeeyes612 the Vine Stalker Fighter began the quest for
                  | the Orb.
     0 | D:1      | Reached XP level 1. HP: 11/11 MP: 2/2
    84 | D:1      | Found a faded altar of an unknown god.
   439 | D:1      | Reached XP level 2. HP: 16/16 MP: 3/3
   693 | D:1      | Reached skill level 2 in Axes
  1163 | D:2      | Reached XP level 3. HP: 17/19 MP: 4/4
  1321 | D:2      | Gained mutation: Your natural rate of healing is unusually
                  | fast. [Vine Stalker growth]
  1321 | D:2      | Reached XP level 4. HP: 15/24 MP: 5/5
  1504 | D:2      | Reached skill level 3 in Axes
  2417 | D:3      | Reached XP level 5. HP: 28/28 MP: 4/6
  2574 | D:3      | Found Bity's Assorted Antiques.
  2624 | D:3      | Found Jicaxt Jibi's Book Emporium.
  2944 | D:3      | Found a shimmering altar of Xom.
  2947 | D:3      | Found a burning altar of Makhleb.
  2952 | D:3      | Became a worshipper of Makhleb the Destroyer
  2956 | D:3      | Found a white marble altar of Elyvilon.
  3189 | D:4      | Noticed a necrophage
  3200 | D:4      | Killed a necrophage
  3201 | D:4      | Reached skill level 4 in Axes
  3201 | D:4      | Reached XP level 6. HP: 26/32 MP: 5/7
  3258 | D:4      | Reached skill level 1 in Dodging
  3432 | D:4      | Found an iron altar of Okawaru.
  3443 | D:4      | Reached * piety under Makhleb
  3514 | D:4      | Found Qucziu Zilaj's Book Emporium.
  3533 | D:4      | Reached XP level 7. HP: 28/36 MP: 4/8
  3706 | D:5      | Entered Level 5 of the Dungeon
  3948 | D:5      | Reached skill level 5 in Axes
  4252 | D:5      | Found a shadowy altar of Dithmenos.
  4386 | D:6      | Gained mutation: You have razor-sharp teeth. [Vine Stalker
                  | growth]
  4386 | D:6      | Reached XP level 8. HP: 36/42 MP: 5/9
  4399 | D:6      | Slain by a gnoll sergeant

Illustrated notes

Levels and vault maps discovered:
D:1:      tarquinn_simple_flora_water_d, layout_basic,
          hellmonk_ecumenical_altar_lost_god
D:2:      layout_basic, serial_park_tiny_2, hangedman_decor_push, minivault_11
D:3:      minmay_inner_zag, layout_loops_cross, grunt_temple_overflow_diamond,
          serial_shops, nicolae_shop_statue_plus, shop
D:4:      layout_rooms, kennysheep_okawaru_gauntlet, serial_rivers,
          chequers_serial_rivers_room_b, chequers_serial_rivers_small_b,
          chequers_serial_rivers_room_b, chequers_serial_rivers_room_a,
          serial_shops, shop
D:5:      layout_loops_cross, overflow_temple_1_default, st_stairs_4
D:6:      cheibrodos_steamvent, layout_cave_pools, serial_gnoll_camp,
          gnoll_camp_medium_02, gnoll_camp_mini_basic, gnoll_camp_medium_01,
          gnoll_camp_mini_loothouse, grums_kennel, uniq_grinder

Skill      XL: |  1  2  3  4  5  6  7 |
---------------+----------------------+-----
Axes           | 2 3 4 5 |  5.8
Fighting       | 3 |  3.9
Shields        | 3 4 |  4.0
Armour         | 3 4 |  4.1
Dodging        | 1 |  1.4
Stealth        | |  0.9

Action                   |  1- 3 |  4- 6 |  7- 9 || total
-------------------------+-------+-------+-------++-------
Melee: War axe           |    54 |   167 |    89 ||   310
       Bite              |    18 |    38 |    28 ||    84
  Use: Scroll            |       |       |     1 ||     1
Armor: Scale mail        |    35 |    84 |     2 ||   121
       Chain mail        |       |       |    52 ||    52
Dodge: Dodged            |    16 |    61 |    21 ||    98
Block: Kite shield       |    31 |    81 |    42 ||   154

Table legend: (Time is in decaauts)
 A = Elapsed time spent in this place.
 B = Non-inter-level travel time spent in this place.
 C = Inter-level travel time spent in this place.
 D = Time resting spent in this place.
 E = Time spent auto-exploring this place.
 F = Levels seen in this place.
 G = Mean time per level.
                   A        B        C        D        E       F      G
               +--------+--------+--------+--------+--------+-----+--------+
         Total |   4566 |   4306 |    260 |      0 |   3495 |   6 |  761.0 |
       Dungeon |   4566 |   4306 |    260 |      0 |   3495 |   6 |  761.0 |
               +--------+--------+--------+--------+--------+-----+--------+

Top non-repeatable levels by time:
     D:1: 1182 daAuts
     D:2: 1171 daAuts
     D:3: 896 daAuts
     D:5: 697 daAuts
     D:4: 586 daAuts
     D:6: 32 daAuts
